 Dungeon Crawl Stone Soup version 0.25.1-2-g60ff931df9 (webtiles) character file.

Game seed: 10368677245325672888

3581 funkygono the Destroyer (level 9, -3/68 HPs)
             Began as a Black Draconian Conjurer on Sept 20, 2020.
             Was a Follower of Sif Muna.
             Slain by a skeletal warrior
             ... wielding a +0 flail
              (9 damage)
             ... on level 7 of the Dungeon.
             The game lasted 00:19:57 (9109 turns).

funkygono the Destroyer (Black Draconian Conjurer)  Turns: 9109, Time: 00:19:57

Health: -3/68      AC: 10    Str: 11    XL:     9   Next: 84%
Magic:  15/19      EV: 14    Int: 18    God:    Sif Muna [*.....]
Gold:   279        SH:  0    Dex: 12    Spells: 19/22 levels left

rFire    x . .     SeeInvis .   e - +0 whip
rCold    + . .     Gourm    .   (no shield)
rNeg     . . .     Faith    .   (armour unavailable)
rPois    .         Spirit   .   (helmet restricted)
rElec    +         Reflect  .   c - +2 cloak
rCorr    .         Harm     .   (no gloves)
MR       .....                  (no boots)
Stlth    ++........             B - amulet of regeneration
HPRegen  0.61/turn              a - +4 ring of slaying
MPRegen  0.16/turn              l - ring of ice

@: no status effects
A: breathe lightning, unfitting armour, electricity resistance, cold-blooded, AC
+7
a: Breathe Lightning, Channel Magic, Renounce Religion


You were on level 7 of the Dungeon.
You worshipped Sif Muna.
Sif Muna was aware of your devotion.
You were not hungry.

You visited 2 branches of the dungeon, and saw 8 of its levels.

You collected 279 gold pieces.

Inventory:

Hand Weapons
 e - a +0 whip (weapon)
Armour
 c - a +2 cloak (worn)
Jewellery
 a - a +4 ring of slaying (left hand)
 l - a ring of ice (right hand)
 o - an uncursed amulet of the acrobat
 z - the ring "Qach" {*Tele MR+, unknown}
   (You found it on level 7 of the Dungeon)

   [ring of teleportation]

   It may teleport you next to monsters.
   It affects your resistance to hostile enchantments.
 B - an amulet of regeneration (around neck)
Wands
 j - a wand of random effects (17)
 p - a wand of flame (34)
 s - a wand of disintegration (10)
 y - a wand of iceblast (4)
Scrolls
 d - 2 scrolls of magic mapping
 h - 6 scrolls of amnesia
 r - a scroll of enchant armour
 u - a scroll of identify
 v - a scroll of blinking
 x - 2 scrolls of teleportation
 C - a scroll of enchant weapon {unknown}
Potions
 f - a potion of haste
 g - 3 potions of curing
 i - a potion of heal wounds
 k - 2 potions of brilliance
 n - 2 potions of cancellation
 q - a potion of flight {unknown}
 t - 2 potions of lignification {unknown}
 w - 2 potions of ambrosia
 A - a potion of mutation {unknown}
Comestibles
 b - 12 rations
 D - a chunk of flesh


   Skills:
 + Level 2.3 Fighting
 + Level 3.5 Maces & Flails
 + Level 5.1 Dodging
 - Level 4.2 Stealth
 + Level 7.1 Spellcasting
 + Level 8.7 Conjurations
   Level 2.6 Fire Magic
   Level 2.7 Ice Magic
   Level 3.2 Air Magic
   Level 2.1 Earth Magic
   Level 2.7 Poison Magic


You had 19 spell levels left.
You knew the following spells:

 Your Spells              Type           Power        Failure   Level  Hunger
a - Magic Dart            Conj           ####         1%          1    None
b - Searing Ray           Conj           #####.       1%          2    None

Your spell library contained the following spells:

 Spells                   Type           Power        Failure   Level  Hunger
 Dazzling Flash           Conj/Hex       ###...       5%          3    ##.....
 Fulminant Prism          Conj/Hex       ###.......   19%         4    ####...
 Iskenderun's Mystic Bla  Conj/Tloc      ###.....     19%         4    ####...


Dungeon Overview and Level Annotations

Branches:
Dungeon (7/15)             Temple (1/1) D:4

Altars:
Ashenzari
Cheibriados
Dithmenos
Elyvilon
Fedhas
Gozag
Hepliaklqana
Kikubaaqudgha
Makhleb
Okawaru
Qazlal
Ru
Sif Muna
Uskayaw
Vehumet
Wu Jian
Xom
Yredelemnul
Zin
The Shining One


Innate Abilities, Weirdness & Mutations

You can breathe wild blasts of lightning.
Your glossy black scales are hard. (AC +7)
You cannot fit into any form of body armour.
You are resistant to electric shocks. (rElec)
You are cold-blooded and may be slowed by cold attacks.


Message History

Magic restored.
As you open the door, it creaks loudly!
There is an open translucent door here.
You open the door.
There is an open translucent door here.
The skeletal warrior hits you with a +0 flail!!
Casting: Searing Ray (safe; 1% risk of failure)
Confirm with . or Enter, or press ? or * to list all spells.
Aiming: Searing Ray (safe; 1% risk of failure)
Press: ? - help, Shift-Dir - straight line, f/p - skeletal warrior
Aim: a skeletal warrior, wielding a +0 flail The searing ray hits the skeletal warrior but does no damage. (Press . to maintain the ray.)
The skeletal warrior hits you with a +0 flail!!
The searing ray hits the skeletal warrior but does no damage.
The skeletal warrior hits you with a +0 flail!!
* * * LOW HITPOINT WARNING * * *
The searing ray hits the skeletal warrior but does no damage.
The skeletal warrior hits you with a +0 flail!
You die...

##..#..#.#..##z#)##.#.#.#.# #z###
...##...(...##.####.#.#.#.###r##.
#..#..#.#.#..##.##.#.#.#.#.##.##.
..##.........##.##.#.#.#.#.##.#..
..#)#########(##.##.#########r#.#
..#.##. #...)..##.##.#.a..#.a##.#
.##(##..#.###.)##.##.a##.r#..#..#
.#...##. #.####.##.##....##.##
##...##.#####.##@z.##..(....#..#
#.....##.....##.######...#.##..#
#.....##.....##.#..###.#...#...##
...(...##...###.'..'.###..##.#...
.......##...# ###..#.##...#..#.##
........##.##########.##.##......
........##.##..รท......##.#.......
###########..########## #..#...#
##########################.....##


You could see a skeletal warrior.

Vanquished Creatures
  A kobold demonologist (D:7)
  Grinder (D:4)
  A yak (D:7)
  Menkaure (D:5)
  A water moccasin (D:5)
  Duvessa (D:4)
  An orc warrior (D:7)
  A phantom (D:7)
  A black bear (D:7)
  3 ogres
  2 centaurs (D:7)
  A crocodile (D:7)
  2 bullfrogs (D:7)
  A wyvern zombie (D:6)
  3 scorpions
  Dowan (D:4)
  2 howler monkeys
  6 crimson imps
  4 orc priests
  2 hounds
  A jelly (D:7)
  A bullfrog skeleton (D:6)
  A centaur skeleton (D:5)
  An iron imp (D:5)
  2 iguanas
  Ijyb (D:2)
  9 orc wizards
  10 worker ants
  A hound skeleton (D:7)
  A howler monkey zombie (D:7)
  Robin (D:2)
  12 adders
  4 shadow imps
  3 adder skeletons
  4 worms
  2 dart slugs
  3 leopard geckos
  22 orcs
  A ball python (D:1)
  2 giant cockroaches
  18 goblins
  12 hobgoblins
  11 jackals
  7 kobolds
  2 quokkas
  A ball python zombie (D:5)
  12 bats
  8 frilled lizards
  A quokka zombie (D:7)
  8 rats
198 creatures vanquished.

Notes
Turn   | Place    | Note
-------+----------+-------------------------------------------
     0 | D:1      | funkygono the Draconian Conjurer began the quest for the
                  | Orb.
     0 | D:1      | Reached XP level 1. HP: 14/14 MP: 3/3
   429 | D:1      | Reached XP level 2. HP: 20/20 MP: 0/5
   433 | D:1      | Learned a level 2 spell: Searing Ray
  1022 | D:1      | Reached skill level 5 in Conjurations
  1022 | D:1      | Reached XP level 3. HP: 26/26 MP: 5/7
  1180 | D:2      | Noticed Robin
  1199 | D:2      | Reached XP level 4. HP: 12/33 MP: 0/9
  1204 | D:2      | Killed Robin
  1422 | D:2      | Found a stormy altar of Qazlal.
  1640 | D:2      | Noticed Ijyb
  1699 | D:2      | Killed Ijyb
  1848 | D:2      | Reached XP level 5. HP: 39/39 MP: 5/10
  2250 | D:2      | Found an ornate altar of the Wu Jian Council.
  2607 | D:3      | Reached skill level 1 in Maces & Flails
  2911 | D:3      | Reached XP level 6. HP: 27/46 MP: 0/11
  3782 | D:4      | Reached skill level 6 in Conjurations
  4195 | D:4      | Your scales start taking on a glossy black colour.
  4195 | D:4      | Reached XP level 7. HP: 51/51 MP: 7/13
  4195 | D:4      | Gained mutation: You are resistant to electric shocks.
                  | (rElec) [Black Draconian growth]
  4391 | D:4      | Noticed Duvessa
  4391 | D:4      | Noticed Dowan
  4399 | D:4      | Killed Dowan
  4400 | D:4      | Killed Duvessa
  4476 | D:4      | Found a staircase to the Ecumenical Temple.
  4683 | D:4      | Noticed Grinder
  4691 | D:4      | Paralysed by Grinder for 2 turns
  4695 | D:4      | Killed Grinder
  4695 | D:4      | Reached skill level 7 in Conjurations
  4695 | D:4      | Reached XP level 8. HP: 49/58 MP: 4/15
  4899 | D:4      | Reached skill level 5 in Spellcasting
  5278 | Temple   | Entered the Ecumenical Temple
  5336 | Temple   | Became a worshipper of Sif Muna the Loreminder
  5379 | D:5      | Entered Level 5 of the Dungeon
  5549 | D:5      | Noticed Menkaure
  5553 | D:5      | Killed Menkaure
  5553 | D:5      | Reached skill level 1 in Fighting
  5979 | D:5      | Found a snail-covered altar of Cheibriados.
  6717 | D:6      | Reached * piety under Sif Muna
  6936 | D:6      | Reached XP level 9. HP: 52/64 MP: 8/18
  7178 | D:6      | Found a white marble altar of Elyvilon.
  7178 | D:6      | Found an iron altar of Okawaru.
  7903 | D:7      | Reached skill level 8 in Conjurations
  8188 | D:7      | Got a smoking brass ring
  8519 | D:7      | Noticed a kobold demonologist
  8529 | D:7      | Noticed a red devil
  8532 | D:7      | Killed a kobold demonologist
  8532 | D:7      | Reached skill level 5 in Dodging
  8683 | D:7      | Found a runed translucent door.
  8683 | D:7      | Found a runed translucent door.
  8958 | D:7      | Noticed a skeletal warrior
  8958 | D:7      | Identified the ring "Puomang" {Wiz rPois rC+ Dex+2}
  9109 | D:7      | Slain by a skeletal warrior

Illustrated notes

Levels and vault maps discovered:
D:1:      dpeg_arrival_simpleton_c, layout_basic
D:2:      kennysheep_the_goblin_king, layout_loops_cross, marbit_many_paths,
          first_ration, grunt_qazlal_sundering, uniq_robin
D:3:      layout_loops_ring
D:4:      minmay_angry_zag, layout_loops_ring,
          minmay_temple_entry_drinking_statues, abandoned_shop, uniq_duvessa,
          uniq_ijyb, uniq_grinder
D:5:      layout_basic, slow_altar_2, st_stairs_11, uniq_menkaure
D:6:      layout_cave_pools, nicolae_overflow_hidden_temple
D:7:      minmay_the_grid_triangle_9x9_rhombus_full
          [minmay_the_grid_triangle_9x9_negative_grid,
          minmay_the_grid_triangle_9x9_cache,
          minmay_the_grid_triangle_9x9_empty,
          minmay_the_grid_triangle_9x9_intruding_spiral,
          minmay_the_grid_triangle_9x9_tough_junction,
          minmay_the_grid_triangle_9x9_swiss_cheese,
          minmay_the_grid_triangle_9x9_stretched_checkered,
          minmay_the_grid_triangle_9x9_prize_center], layout_loops_corners
Temple:   eino_wide_crystal_templ

Skill      XL: |  1  2  3  4  5  6  7  8  9 |
---------------+----------------------------+-----
Dodging        | 4 5 |  5.1
Spellcasting   | 3 4 6 7 |  7.1
Conjurations   | 5 6 7 8 |  8.7
Fire Magic     | 2 |  2.6
Ice Magic      | 2 |  2.7
Air Magic      | 2 3 |  3.2
Earth Magic    | 2 |  2.1
Poison Magic   | 2 |  2.7
Stealth        | 2 3 4 |  4.2
Maces & Flails | 1 2 3 |  3.5
Fighting       | 1 2 |  2.3

Action                   |  1- 3 |  4- 6 |  7- 9 || total
-------------------------+-------+-------+-------++-------
Melee: Unarmed           |    10 |       |       ||    10
       Whip              |    15 |    26 |    32 ||    73
       Tailslap          |     2 |     1 |     3 ||     6
 Cast: Magic Dart        |    54 |   121 |   124 ||   299
       Searing Ray       |     1 |    19 |    65 ||    85
  Use: Scroll            |     6 |     6 |     4 ||    16
       Potion            |     1 |     1 |     3 ||     5
  Eat: Chunk             |     1 |     7 |    15 ||    23
       Ration            |       |     1 |       ||     1
Armor: Skin              |    12 |    14 |    24 ||    50
Dodge: Dodged            |    20 |    31 |    70 ||   121
